 Dungeon Crawl Stone Soup version 0.29.1-1-gd02db6906a (webtiles) character file.

Game seed: 15127401782584902277

13911 AlexRAT the Cleaver (level 11, -7/102 HPs)
             Began as a Minotaur Berserker on Oct 12, 2022.
             Was an Elder of Trog.
             Mangled by a death yak (21 damage)
             ... on level 1 of the Lair of Beasts.
             The game lasted 00:17:32 (10188 turns).

AlexRAT the Cleaver (Minotaur Berserker)           Turns: 10188, Time: 00:17:32

Health: -7/102     AC: 15    Str: 27    XL:     11   Next: 81%
Magic:  10/10      EV: 13    Int:  4    God:    Trog [****..]
Gold:   429        SH:  5    Dex: 11    Spells: 10/10 levels left

rFire   + . .      SeeInvis .   J - +0 halberd of Bealev Begul {venom, *Rage Will+ Dex+2}
rCold   . . .      Faith    .   (shield currently unavailable)
rNeg    + . .      Spirit   .   e - +0 scale mail
rPois   .          Reflect  +   L - +1 hat
rElec   .          Harm     .   r - +2 cloak
rCorr   .          Rampage  .   (no gloves)
Will    +....      Rage     20% f - +0 pair of boots
Stlth   ..........              l - amulet of reflection
HPRegen 0.27/turn               h - ring of protection from fire
MPRegen 0.12/turn               D - ring of positive energy

@: on berserk cooldown, slowed, very slow
A: horns 2, retaliatory headbutt
a: Renounce Religion, Berserk, Trog's Hand, Brothers in Arms


You were on level 1 of the Lair of Beasts.
You worshipped Trog.
Trog was greatly pleased with you.
You visited 2 branches of the dungeon, and saw 11 of its levels.
You also visited: Sewer and Ossuary.

You collected 872 gold pieces.
You spent 443 gold pieces at shops.

Inventory:

Hand Weapons
 a - a +1 hand axe
 J - the +0 halberd of Bealev Begul (weapon) {venom, *Rage Will+ Dex+2}
   (You bought it in a shop on level 6 of the Dungeon)

   It poisons the flesh of those it strikes.
   Dex:       It affects your dexterity (+2).
   *Rage:     It berserks you when you make melee attacks (+20% chance).
   Will:      It increases your willpower.
Missiles
 y - 2 throwing nets (quivered)
Armour
 b - a +0 animal skin
 e - a +0 scale mail (worn)
 f - a +0 pair of boots (worn)
 r - a +2 cloak (worn)
 L - a +1 hat (worn)
Jewellery
 h - a ring of protection from fire (left hand)
 l - an amulet of reflection (around neck)
 D - a ring of positive energy (right hand)
 K - a +6 ring of intelligence
Wands
 p - a wand of digging (4)
 z - a wand of charming (22)
 G - a wand of mindburst (6)
 M - a wand of flame (11)
Scrolls
 d - 2 scrolls of butterflies
 k - 2 scrolls of enchant weapon
 o - 8 scrolls of teleportation
 t - 4 scrolls of immolation
 A - 2 scrolls of enchant armour
 B - a scroll of amnesia
 C - a scroll of silence
 E - 3 scrolls of poison
 F - 3 scrolls of identify
 H - 2 scrolls of magic mapping
 I - a scroll of blinking
 N - a scroll of fear {unknown}
Potions
 c - a potion of invisibility {unknown}
 g - 4 potions of curing
 i - 3 potions of berserk rage {unknown}
 j - a potion of brilliance {unknown}
 m - 5 potions of flight {unknown}
 n - 3 potions of heal wounds {unknown}
 q - a potion of lignification {unknown}
 s - a potion of haste {unknown}
 u - 2 potions of ambrosia {unknown}
 v - 2 potions of might {unknown}
 w - 3 potions of degeneration {unknown}
 x - 2 potions of magic {unknown}
 O - a potion of cancellation {unknown}
 P - a potion of mutation {unknown}


   Skills:
 + Level 11.3 Fighting
 + Level 12.3(13.4) Axes
 - Level 8.4(11.5) Polearms
 + Level 11.5 Armour
 + Level 8.0 Dodging
 - Level 1.8 Stealth
 - Level 0.6 Shields


You had 10 spell levels left.
You didn't know any spells.
Your spell library was empty.

Dungeon Overview and Level Annotations

Branches:
Dungeon (10/15)            Temple (0/1) D:7            Lair (1/5) D:10
    Orc (0/2) D:10          Sewer (visited)         Ossuary (visited)

Altars:
Cheibriados
Dithmenos
Gozag
Hepliaklqana
Ru
Trog
Vehumet
Yredelemnul
Zin

Shops:
D:3 !   D:6 **==(   D:10 [(


Innate Abilities, Weirdness & Mutations

You have a pair of horns on your head.
You reflexively headbutt those who attack you in melee.


Message History

The death yak looks as sick as possible!
The death yak is severely wounded.
Your skin stops crawling.
You feel less strong-willed.
The komodo dragon bites you but does no damage.
The death yak gores you!
You barely miss the death yak.
The death yak is almost dead.
The death yak gores you but does no damage.
The komodo dragon bites you!
You barely miss the death yak. Your headbutt misses the death yak.
The death yak is almost dead.
The death yak gores you!
The komodo dragon bites you but does no damage.
The death yak barely misses you. The death yak closely misses you.
The komodo dragon hisses menacingly.
The death yak attacks as you move away! The death yak gores you.
You kill the death yak!
Trog accepts your kill.
Your Dodging skill increases to level 8!
You slash the death yak!
The death yak looks as sick as possible!
The death yak is lightly wounded.
The death yak barely misses you. The death yak misses you.
The komodo dragon bites you.
* * * LOW HITPOINT WARNING * * *
You hit the death yak but do no damage.
The death yak looks as sick as possible!
The death yak is moderately wounded.
The death yak misses you. The komodo dragon barely misses you.
Unknown command.
You slice the komodo dragon!!
The komodo dragon is poisoned.
The komodo dragon is heavily wounded.
The death yak gores you!
* * * LOW HITPOINT WARNING * * *
The komodo dragon closely misses you. The death yak gores you!
* * * LOW HITPOINT WARNING * * *
The komodo dragon closely misses you. You furiously retaliate!
You headbutt the komodo dragon!
You feel better. The death yak gores you!!
You die...

..... ..# .+.##.#
#..... ##.#.#+##
#.......#
##...รท...#
#P..)....#
###......<#
##.Y@......+
####..l.......#
#....##.......#
.......#.###.....).#
.....##### #####.#.#
.... ##### ##P #


You could see a death yak (extremely poisoned) and a komodo dragon (very
poisoned).

Vanquished Creatures
  Gastronok (D:8)
  2 two-headed ogres
  4 death yaks (Lair:1)
  Sonja (Lair:1)
  The ghost of matti1234 the Sneak, a novice OpWr of Gozag (D:10)
  A komodo dragon (Lair:1)
  A troll (D:8)
  18 yaks
  3 wyverns (D:10)
  2 basilisks (D:10)
  A steam dragon (D:9)
  2 acid dragons
  5 water moccasins
  3 orc warriors
  5 black bears
  2 ice beasts
  5 ogres
  A centaur (D:7)
  A phantom (D:7)
  A kobold brigand (D:10)
  2 necrophages
  A gnoll sergeant (D:8)
  5 bullfrogs
  5 scorpions
  11 wights
  A howler monkey (D:9)
  3 hounds
  2 jellies
  An orc priest (D:7)
  Crazy Yiuf (D:3)
  5 iguanas
  3 human skeletons (D:4)
  An orc wizard (D:8)
  8 mummies (Ossuary)
  10 adders
  3 gnolls (D:8)
  4 shadow imps
  A white imp (D:6)
  An ufetubus (D:7)
  5 worms
  3 dart slugs
  18 orcs
  11 endoplasms
  6 giant cockroaches
  12 goblins
  8 hobgoblins
  3 jackals (Sewer)
  4 quokkas
  7 ball pythons
  A bat (D:2)
  3 frilled lizards
  2 hobgoblin zombies (Ossuary)
  15 kobolds
  2 kobold zombies (Ossuary)
  3 orc skeletons (D:4)
  4 orc zombies (Ossuary)
  3 rats
  A spectral orc (D:5)
239 creatures vanquished.

Vanquished Creatures (others)
  2 fungi (D:3)
  3 plants (D:10)
5 creatures vanquished.

Grand Total: 244 creatures vanquished

Notes
Turn   | Place    | Note
-------+----------+-------------------------------------------
     0 | D:1      | AlexRAT the Minotaur Berserker began the quest for the Orb.
     0 | D:1      | Reached XP level 1. HP: 19/19 MP: 0/0
   116 | D:1      | Reached skill level 4 in Axes
   116 | D:1      | Reached XP level 2. HP: 22/27 MP: 1/1
   933 | D:2      | Reached XP level 3. HP: 30/33 MP: 2/2
  1060 | D:2      | Reached ** piety under Trog
  1722 | D:3      | Found Xuzi's Distillery.
  1735 | D:3      | Bought a potion of curing for 36 gold pieces
  1813 | D:3      | Reached XP level 4. HP: 40/40 MP: 3/3
  1958 | D:3      | Noticed a black bear
  1966 | D:3      | Killed a black bear
  1967 | D:3      | Reached skill level 5 in Axes
  1967 | D:3      | Reached XP level 5. HP: 47/47 MP: 4/4
  2494 | D:3      | Noticed an ogre
  2502 | D:3      | Killed an ogre
  2503 | D:3      | Reached skill level 6 in Axes
  2503 | D:3      | Reached XP level 6. HP: 55/55 MP: 5/5
  2695 | D:3      | Found a runed translucent door.
  2696 | D:3      | Noticed Crazy Yiuf
  2838 | D:3      | Killed Crazy Yiuf
  2954 | D:4      | Reached skill level 5 in Fighting
  2957 | D:4      | Found a sand-covered staircase.
  2963 | Ossuary  | Entered an ossuary
  2980 | Ossuary  | Reached *** piety under Trog
  3017 | Ossuary  | Reached skill level 7 in Axes
  3126 | Ossuary  | Reached skill level 1 in Stealth
  3228 | D:4      | Reached XP level 7. HP: 61/61 MP: 6/6
  3289 | D:4      | Reached skill level 5 in Armour
  3425 | D:4      | Reached skill level 8 in Axes
  3428 | D:4      | Found a glowing drain.
  3438 | Sewer    | Entered a sewer
  3729 | D:4      | Reached XP level 8. HP: 67/70 MP: 7/7
  4253 | D:5      | Entered Level 5 of the Dungeon
  4358 | D:5      | Reached skill level 9 in Axes
  4611 | D:5      | Found a basalt altar of Yredelemnul.
  4908 | D:5      | Reached **** piety under Trog
  4959 | D:5      | Reached skill level 10 in Axes
  5063 | D:5      | Reached XP level 9. HP: 60/78 MP: 8/8
  5391 | D:6      | Found Riymi's General Store.
  5493 | D:6      | Found Koliojy's Jewellery Shoppe.
  5498 | D:6      | Found a sacrificial altar of Ru.
  5532 | D:6      | Found Vircheimn's Jewellery Boutique.
  5535 | D:6      | Found a hazy altar of Hepliaklqana.
  5938 | D:6      | Found Reanof's General Store.
  5946 | D:6      | Bought a scroll of magic mapping for 82 gold pieces
  5946 | D:6      | Bought a scroll of blinking for 82 gold pieces
  6120 | D:6      | Found Roten's Antique Weapon Emporium.
  6128 | D:6      | Bought an encrusted halberd for 243 gold pieces
  6128 | D:6      | Identified the +0 halberd of Bealev Begul {venom, *Rage
                  | Will+ Dex+2} (You bought it in a shop on level 6 of the
                  | Dungeon)
  6281 | D:7      | Reached skill level 5 in Dodging
  6398 | D:7      | Reached skill level 1 in Polearms
  6520 | D:7      | Found a staircase to the Ecumenical Temple.
  6927 | D:8      | Noticed Gastronok
  6937 | D:8      | Killed Gastronok
  6938 | D:8      | Reached skill level 5 in Polearms
  6938 | D:8      | Reached XP level 10. HP: 88/88 MP: 9/9
  8636 | D:9      | Noticed a two-headed ogre
  8642 | D:9      | Killed a two-headed ogre
  8764 | D:10     | Entered Level 10 of the Dungeon
  8797 | D:10     | Found a staircase to the Lair.
  8823 | D:10     | Reached skill level 11 in Axes
  8823 | D:10     | Reached skill level 10 in Armour
  8952 | D:10     | Reached skill level 10 in Fighting
  8952 | D:10     | Reached XP level 11. HP: 98/99 MP: 10/10
  9155 | D:10     | Found a runed translucent gate.
  9155 | D:10     | Found a runed translucent gate.
  9155 | D:10     | Found a runed translucent gate.
  9169 | D:10     | Noticed matti1234's ghost (novice OpWr)
  9427 | D:10     | Found Muodeesk's Weapon Boutique.
  9442 | D:10     | Found a staircase to the Orcish Mines.
  9455 | D:10     | Found Refun's Armour Boutique.
  9478 | D:10     | Noticed a two-headed ogre
  9486 | D:10     | Killed a two-headed ogre
  9639 | D:10     | Found a shadowy altar of Dithmenos.
  9639 | D:10     | Found a glowing silver altar of Zin.
  9703 | D:10     | Found a radiant altar of Vehumet.
  9706 | D:10     | Found a bloodstained altar of Trog.
  9708 | D:10     | Found a snail-covered altar of Cheibriados.
  9713 | D:10     | Found an opulent altar of Gozag.
  9895 | D:10     | Killed matti1234's ghost
  9922 | Lair:1   | Entered Level 1 of the Lair of Beasts
  9922 | Lair:1   | Noticed Sonja
  9933 | Lair:1   | Killed Sonja
 10149 | Lair:1   | Noticed a death yak
 10150 | Lair:1   | Noticed a death yak
 10150 | Lair:1   | Noticed a death yak
 10151 | Lair:1   | Noticed a death yak
 10155 | Lair:1   | Noticed a death yak
 10162 | Lair:1   | Killed a death yak
 10163 | Lair:1   | Reached skill level 12 in Axes
 10168 | Lair:1   | Killed a death yak
 10176 | Lair:1   | Killed a death yak
 10182 | Lair:1   | Killed a death yak
 10188 | Lair:1   | Mangled by a death yak

Illustrated notes

Levels and vault maps discovered:
D:1:      dpeg_arrival_rooms_a, layout_basic
D:2:      layout_loops_ring
D:3:      layout_basic, serial_shops, nicolae_shop_trees, minmay_surrounded,
          uniq_crazy_yiuf_cottage
D:4:      minmay_skewed_foursquare, layout_cave_pools,
          cheibrodos_sewer_entry_bend, nicolae_ossuary_entry_catacombs,
          minmay_increasing_density
D:5:      layout_basic, yredelemnul_forgotten_temple_becter, kennysheep_potato
D:6:      layout_basic, mainiacjoe_overflow_large_starburst, serial_shops, shop,
          shop, shop, nicolae_stop_n_shop_1, nicolae_square_shop
D:7:      layout_rooms, minmay_temple_entry_tees
D:8:      layout_loops_corners, kennysheep_donut, uniq_gastronok
D:9:      layout_gridville
D:10:     layout_irregular_city, nicolae_overflow_hallway_of_the_gods,
          minmay_lair_entry_grove, orc_david_3, ebering_ghost_rock_garden
Lair:1:   layout_roguey, grunt_megastairs_1, uniq_sonja, uniq_nergalle

Skill      XL: |  1  2  3  4  5  6  7  8  9 10 11 |
---------------+----------------------------------+-----
Axes           | 4 5 6 7 8 10 11 12 | 12.3
Fighting       | 4 5 6 7 10 11 | 11.3
Armour         | 3 4 5 7 9 10 11 | 11.5
Dodging        | 3 4 5 6 8 |  8.0
Stealth        | 1 |  1.8
Polearms       | 5 8 |  8.4
Shields        | |  0.6

Action                   |  1- 3 |  4- 6 |  7- 9 | 10-12 || total
-------------------------+-------+-------+-------+-------++-------
Melee: Hand axe          |    85 |   126 |   215 |       ||   426
       Headbutt          |    13 |    32 |    57 |    44 ||   146
       Punch             |       |     3 |     1 |       ||     4
       Halberd           |       |       |    52 |   218 ||   270
Throw: Throwing net      |       |       |       |     2 ||     2
Invok: Berserk           |       |     4 |     1 |     3 ||     8
       Trog's Hand       |       |     2 |     1 |     4 ||     7
  Use: Scroll            |       |     1 |     6 |     3 ||    10
       Potion            |       |       |       |     1 ||     1
Armor: Animal skin       |     2 |       |       |       ||     2
       Scale mail        |    30 |    42 |   116 |    57 ||   245
Dodge: Dodged            |    57 |    54 |   152 |    87 ||   350
Block: Other             |       |       |     1 |    33 ||    34
       Reflection        |       |       |       |     1 ||     1
